 Dungeon Crawl Stone Soup version 0.31.0-9-g3a7656b989 (webtiles) character file.

Game seed: 15489460094868499434

9 GordonOverkill the Sneak (level 2, -2/25 HPs)
             Began as a Formicid Delver on Jan 25, 2024.
             Slain by Sigmund
             ... wielding a +0 scythe
              (7 damage)
             ... on level 5 of the Dungeon.
             The game lasted 00:01:24 (200 turns).

GordonOverkill the Sneak (Formicid Delver)           Turns: 200, Time: 00:01:25

Health: -2/25      AC:  3    Str: 14 (16) XL:     2   Next: 25%
Magic:  2/2        EV: 11    Int:  8 (9)  God:
Gold:   30         SH:  0    Dex: 12 (15) Spells: 1/1 levels left

rFire   . . .        a - +0 spear
rCold   . . .        (no shield)
rNeg    . . .        b - +0 leather armour
rPois   .            (helmet unavailable)
rElec   .            (no cloak)
rCorr   .            (no gloves)
SInv    +            (no boots)
Will    .....        (no amulet)
Stlth   +++          (no ring)
HPRegen 0.24/turn    (no ring)
MPRegen 0.08/turn

%: no passive effects
@: no status effects
A: permanent stasis, dig shafts and tunnels, antennae 3, four strong arms
a: Dig, Shaft Self


You were on level 5 of the Dungeon.
You visited 1 branch of the dungeon, and saw 3 of its levels.

You collected 30 gold pieces.

Inventory:

Hand Weapons
 a - a +0 spear (weapon)
Armour
 b - a +0 leather armour (worn)
Wands
 f - a wand of digging (3)
Scrolls
 c - a scroll of fog
 d - a scroll of revelation


   Skills:
 - Level 4.0 Fighting
 + Level 2.0 Polearms
 - Level 1.7 Dodging
 - Level 6.0 Stealth


You had one spell level left.
You didn't know any spells.
Your spell library was empty.

Dungeon Overview and Level Annotations

Branches:
Dungeon (7/15)
 Temple: D:4-7

Altars:

Annotations:
D:5 Sigmund


Innate Abilities, Weirdness & Mutations

You cannot be hasted, slowed, berserked, paralysed or teleported.
You can dig through walls and to a lower floor.
You have a pair of large antennae on your head. (SInv)
Your four strong arms can wield two-handed weapons with a shield.


Message History

As you read the scroll of fear, it crumbles to dust.
You assume a fearsome visage.
The iguana looks frightened!
You feel sick.
You feel sick.
You are no longer poisoned.
Found 2 inky potions.
Found a stone staircase leading up.
Sigmund the Dreaded comes into view.
He is wielding a +0 scythe.
Found a war axe.
Found a stone staircase leading down.
Found 9 gold pieces.
You see here a +0 war axe.
Sigmund shouts!
You hear a shout!
Sigmund points at you and mumbles some strange words.
You are confused.
Sigmund casts a spell.
Sigmund flickers and vanishes for a moment.
You hear a shout!
There is a stone staircase leading down here.
You feel less confused.
It was a potion of degeneration.
There was something very wrong with that liquid.
You feel weakened.
You feel dopey.
You feel clumsy.
Unknown command.
As you read the scroll of fear, it crumbles to dust.
You assume a fearsome visage.
Sigmund resists with some effort.
Sigmund points at you and mumbles some strange words.
The magic dart hits you.
* * * LOW HITPOINT WARNING * * *
Sigmund gestures at you while chanting. The puff of flame hits you!
* * * LOW HITPOINT WARNING * * *
You aren't carrying any potions.
Unknown command.
Unknown command.
As you read the scroll labelled ISTARI ZIRISK, it crumbles to dust.
It is a scroll of identify.
You don't currently have any unidentified items.
Sigmund hits you from afar with a +0 scythe!
You die...
Sigmund begins carving another notch in his scythe.

.....## ...#... ....
.....## #.<.@..
........
#...........####
#...............
#..!.......####.
######.....## #####
##$.@.@#.....####....
##.................#..
#.....>.........####..
#...............##....
#......)........##.#.#
#....................#
#................#..##
##..............##.#
##.....#..........


You could see Sigmund (invisible).

Vanquished Creatures
  An adder (D:5)
1 creature vanquished.

Notes
Turn   | Place    | Note
-------+----------+-------------------------------------------
     0 | D:5      | GordonOverkill the Formicid Delver began the quest for the
                  | Orb.
     0 | D:5      | Reached XP level 1. HP: 18/18 MP: 1/1
    31 | D:6      | Noticed an ogre
    53 | D:7      | Noticed a sleepcap
    53 | D:7      | Noticed a steam dragon
    80 | D:6      | Noticed a phantom
   110 | D:6      | Noticed a centaur
   145 | D:5      | Noticed a jelly
   157 | D:5      | Noticed a jelly
   158 | D:5      | Noticed an iguana
   178 | D:5      | Reached XP level 2. HP: 17/25 MP: 2/2
   182 | D:5      | Noticed Sigmund
   200 | D:5      | Slain by Sigmund

Illustrated notes

Levels and vault maps discovered:
D:5:      layout_rooms, grunt_ministairs_12, kennysheep_generic_room_6,
          uniq_sigmund
D:6:      layout_basic, nicolae_vehumet_radiance, uniq_duvessa
D:7:      layout_cave_pools, mainiacjoe_overflow_brackets, temple_pool_b,
          serial_shops, nicolae_shop_tiny_real_fake_doors, grunt_ministairs_9,
          uniq_maurice, uniq_pikel

Skill      XL: |  1 |
---------------+----+-----
Fighting       | 4 |  4.0
Polearms       | |  2.0
Dodging        | |  1.7
Stealth        | |  6.0

Action                     || total
---------------------------++-------
  Melee: Spear             ||    16
    Use: Scroll            ||     3
         Potion            ||     1
 Armour: Leather armour    ||    11
  Dodge: Dodged            ||    10
